 Dungeon Crawl Stone Soup version 0.31-a0-986-g5e6e4ef867 (webtiles) character file.

Game seed: 3528644503817057042

164849 2FriedEggs the Eclecticist (level 17, -9/103 HPs)
             Began as an Octopode Earth Elementalist on Nov 15, 2023.
             Was the Champion of Hepliaklqana.
             Killed from afar by Bai Suzhen (26 damage)
             ... with a torrent of water
             ... on level 2 of the Spider Nest.
             The game lasted 01:38:27 (38121 turns).

2FriedEggs the Eclecticist (OpEE)                  Turns: 38121, Time: 01:38:27

Health: -9/103     AC: 10    Str:  9      XL:     17   Next: 86%
Magic:  13/46      EV: 32    Int: 23 (24) God:    Hepliaklqana [******]
Gold:   463        SH: 17    Dex: 32 (34) Spells: 21/48 levels left

rFire   + . .        s - staff of conjuration
rCold   + . .        U - +3 buckler {AC+3}
rNeg    . . .        P - +2 hat {Will+}
rPois   +            d - amulet of reflection
rElec   .            X - ring of Xeeck {Contam rF+ AC+4 Str+2 Dex+2}
rCorr   .            x - +6 ring of dexterity
SInv    .            o - +6 ring of dexterity
Will    ++...        H - ring of wizardry
Stlth   ++++         G - +6 ring of dexterity
HPRegen 0.37/turn    F - ring of protection from cold
MPRegen 0.30/turn    R - ring of magical power
                     T - ring of poison resistance

%: reflection, wizardry (x1)
@: no status effects
A: reduced essence, almost no armour, amphibious, 8 rings, camouflage 1,
gelatinous body 1, (nimble swimmer 1), tentacles
a: Renounce Religion, Recall Ancestor, Ancestor Identity, Transference, Idealise


You were on level 2 of the Spider Nest.
You worshipped Hepliaklqana.
Hepliaklqana was exalted by your worship.
You visited 5 branches of the dungeon, and saw 26 of its levels.
You also visited: Sewer, Bailey, Ice Cave and Volcano.

You collected 2650 gold pieces.
You spent 2187 gold pieces at shops.

Inventory:

Armour
 N - a +0 buckler of positive energy
 O - a +2 buckler of cold resistance
 P - a +2 hat of willpower (worn)
 U - a +3 buckler of protection (worn)
Magical Staves
 s - a staff of conjuration (weapon)
Jewellery
 d - an amulet of reflection (around mantle)
 l - a ring of wizardry
 o - a +6 ring of dexterity (on tentacle)
 x - a +6 ring of dexterity (right tentacle)
 B - a ring of positive energy
 F - a ring of protection from cold (on tentacle)
 G - a +6 ring of dexterity (on tentacle)
 H - a ring of wizardry (on tentacle)
 R - a ring of magical power (on tentacle)
 T - a ring of poison resistance (on tentacle)
 W - a ring of ice
 X - the ring of Xeeck (left tentacle) {Contam rF+ AC+4 Str+2 Dex+2}
   (You bought it in a shop on level 2 of the Orcish Mines)

   [ring of protection]

   AC+4:      It affects your AC (+4).
   Str+2:     It affects your strength (+2).
   Dex+2:     It affects your dexterity (+2).
   rF+:       It protects you from fire.
   Contam:    It causes magical contamination when unequipped.
 Z - a ring of willpower
Wands
 v - a wand of digging (7)
 A - a wand of charming (12)
 L - a wand of mindburst (3)
 Y - a wand of iceblast (12)
Scrolls
 b - 2 scrolls of blinking
 c - 3 scrolls of fog
 g - 5 scrolls of amnesia
 i - 5 scrolls of immolation
 n - 5 scrolls of identify
 p - a scroll of enchant armour
 q - 6 scrolls of fear
 t - 7 scrolls of teleportation
 u - 3 scrolls of torment
 w - 5 scrolls of enchant weapon
 z - 6 scrolls of poison
 I - 6 scrolls of revelation
 J - a scroll of butterflies
 Q - 5 scrolls of vulnerability
Potions
 a - 3 potions of magic
 e - 7 potions of ambrosia
 f - 4 potions of berserk rage
 h - 13 potions of curing
 j - 3 potions of cancellation
 k - 3 potions of enlightenment
 m - 4 potions of heal wounds
 C - 6 potions of mutation
 D - 2 potions of haste
 E - 2 potions of brilliance
 K - 2 potions of resistance
 M - 5 potions of might
 S - a potion of invisibility
Miscellaneous
 y - a lightning rod (4/4)


   Skills:
 - Level 10.1 Fighting
 + Level 16.0 Dodging
 - Level 2.6 Stealth
 - Level 9.2 Shields
 * Level 16.2 Spellcasting
 - Level 10.9 Conjurations
 - Level 5.0 Transmutations
 - Level 7.9 Earth Magic
 - Level 10.0 Poison Magic
 - Level 7.0 Invocations


You had 21 spell levels left.
You knew the following spells:

 Your Spells              Type           Power      Damage    Failure   Level
a - Stone Arrow           Conj/Erth      100%       3d13      1%          3
b - Bombard               Conj/Erth      37%        9d7       4%          6
c - Brom's Barrelling Bo  Conj/Erth      75%        2d9       1%          4
d - Olgreb's Toxic Radia  Pois           60%        N/A       1%          4
e - Irradiate             Conj/Tmut      35%        3d23      1%          5
f - Petrify               Tmut/Erth      48%        N/A       1%          4
g - Sandblast             Erth           100%       2d20      1%          1

Your spell library contained the following spells:

 Spells                   Type           Power      Damage    Failure   Level
 Apportation              Tloc           36%        N/A       1%          1
 Freeze                   Ice            72%        1d8       1%          1
 Kiss of Death            Conj/Necr      100%       2d13      1%          1
 Sting                    Tmut/Pois      100%       1d8       1%          1
 Cigotuvi's Dreadful Rot  Necr/Pois/Air  68%        N/A       1%          2
 Passwall                 Tmut/Erth      40%        N/A       1%          2
 Poisonous Vapours        Pois/Air       82%        N/A       1%          2
 Hailstorm                Conj/Ice       60%        3d13      1%          3
 Ignite Poison            Fire/Tmut/Pois 41%        N/A       1%          3
 Fulminant Prism          Conj/Hex       30%        3d16      1%          4
 Iskenderun's Mystic Bla  Conj/Tloc      60%        2d13      1%          4
 Alistair's Intoxication  Tmut/Pois      34%        N/A       1%          5
 Ensorcelled Hibernation  Hex/Ice        36%        N/A       2%          2
 Jinxbite                 Hex            36%        N/A       2%          2
 Lesser Beckoning         Tloc           36%        N/A       2%          2
 Sublimation of Blood     Necr           18%        N/A       2%          2
 Frozen Ramparts          Ice            36%        1d6       4%          3
 Gell's Gravitas          Tloc           18%        N/A       4%          3
 Ozocubu's Armour         Ice            18%        N/A       4%          3
 Teleport Other           Tloc           18%        N/A       4%          3
 Volatile Blastmotes      Fire/Tloc      36%        2d13      4%          3
 Borgnjor's Vile Clutch   Necr/Erth      18%        N/A       9%          5
 Freezing Cloud           Conj/Ice/Air   26%        6-21      10%         5
 Anguish                  Hex/Necr       9%         N/A       16%         4
 Passage of Golubria      Tloc           18%        N/A       16%         4
 Summon Ice Beast         Ice/Summ       18%        N/A       16%         4
 Conjure Ball Lightning   Conj/Air       30%        3x3d10    26%         6
 Silence                  Hex/Air        9%         N/A       38%         5
 Summon Mana Viper        Hex/Summ       18%        N/A       38%         5
 Lehudib's Crystal Spear  Conj/Erth      37%        10d9      88%         8
 Dispersal                Tloc           9%         N/A       91%         6
 Monstrous Menagerie      Summ           9%         N/A       100%        7
 Ozocubu's Refrigeration  Ice            9%         4d9       100%        7
 Discord                  Hex            9%         N/A       100%        8
 Disjunction              Tloc           9%         N/A       100%        8
 Death's Door             Necr           9%         N/A       100%        9
 Animate Armour           Summ/Erth      Unusable   N/A       N/A         4

Dungeon Overview and Level Annotations

Branches:
Dungeon (15/15)            Temple (1/1) D:4            Lair (5/5) D:8
  Swamp (0/4) Lair:3       Spider (3/4) Lair:2        Slime (0/5) Lair:5
    Orc (2/2) D:11            Elf (0/3) Orc:2        Vaults (0/5) D:14
 Depths (0/4) D:15          Sewer (visited)          Bailey (visited)
  IceCv (visited)         Volcano (visited)

Altars:
Ashenzari
Cheibriados
Dithmenos
Elyvilon
Fedhas
Gozag
Hepliaklqana
Kikubaaqudgha
Makhleb
Nemelex Xobeh
Okawaru
Qazlal
Ru
Sif Muna
Trog
Uskayaw
Vehumet
Wu Jian
Xom
Yredelemnul
Zin
The Shining One

Shops:
D:5 (   D:8 ?   D:9 [[[*   Orc:2 =[[:[

Annotations:
D:3 Pargi
Lair:3 exclusion: 3 oklob plants
Lair:5 exclusion: 3 oklob plants
Spider:2 Bai Suzhen


Innate Abilities, Weirdness & Mutations

Your life essence is reduced to manifest your ancestor. (-10% HP)
You cannot wear most types of armour.
You are amphibious.
You can wear up to eight rings at the same time.
Your skin changes colour to match your surroundings (Stealth+).
Your rubbery body absorbs attacks. (AC +1, EV +1)
((You are camouflaged when in or above water. (Stealth+)))
You have tentacles for arms and can constrict up to eight enemies at once.


Message History

Confirm with . or Enter, or press ? or * to list all spells.
Aiming: Bombard (dangerous; 4% risk of failure)
Press: ? - help, Shift-Dir - straight line, f/p - Bai Suzhen
Aim: Bai Suzhen, wielding a +4 quarterstaff of pain (moderately wounded, ally target, 82% to hit)
You feel a surge of power!
The iron shot hits Bai Suzhen!!
Bai Suzhen is heavily wounded.
Bai Suzhen barely misses you. You block Bai Suzhen's attack.
Octomom hits Bai Suzhen with a +0 quarterstaff!!
Bai Suzhen roars in fury and transforms into a fierce dragon!
The four-headed hydra completely misses you.
The four-headed hydra bites you! The four-headed hydra bites you.
You block the four-headed hydra's attack.
Unknown command.
Casting: Bombard (dangerous; 4% risk of failure)
Confirm with . or Enter, or press ? or * to list all spells.
Aiming: Bombard (dangerous; 4% risk of failure)
Press: ? - help, Shift-Dir - straight line, f/p - Bai Suzhen
Aim: Bai Suzhen (heavily wounded, surrounded by thunder, ally target, 95% to hit)
You feel a surge of power!
The iron shot hits Bai Suzhen!
Bai Suzhen is severely wounded.
Your toxic aura wanes.
Bai Suzhen bites you but does no damage.
Bai Suzhen completely misses you. You block Bai Suzhen's attack.
Octomom hits Bai Suzhen with a +0 quarterstaff!
The four-headed hydra completely misses you. x2
You block the four-headed hydra's attack.
The four-headed hydra completely misses you.
Unknown command.
Casting: Bombard (dangerous; 4% risk of failure)
Confirm with . or Enter, or press ? or * to list all spells.
Aiming: Bombard (dangerous; 4% risk of failure)
Press: ? - help, Shift-Dir - straight line, f/p - Bai Suzhen
Aim: Bai Suzhen (severely wounded, surrounded by thunder, ally target, 95% to hit)
You feel a surge of power!
The iron shot hits Bai Suzhen!!
Bai Suzhen is almost dead.
You are engulfed in a thunderstorm.
* * * LOW HITPOINT WARNING * * *
Bai Suzhen breathes water at you. The torrent of water hits you!!
You die...

.##..####
#...###..#...#..##....
..####
##..##.....#...##.R##.
..# #...##...#.#.....####
.## ##...^.#...#..#.....#
..# #.....##.######.#....
### ##..###### #.....#.
.# #.##§#^########.....
## ###D§..##^.# #..††.. #
#^R@...#...###...#.# #
#..D#..##.^#.....###
#########......##..#..##
##..###....#..#.#..#...##
#.....##..##..###.##...#.
####.........^..######...
#....#..###.#..#.^#.....#
##..###.# #####..###..###
##..##### #....#...^#


You could see the friendly Octomom the battlemage, Bai Suzhen (clouds, catching
breath, ally target) and a four-headed hydra (summoned).

Vanquished Creatures
  Jorgrun (Spider:3)
  Gastronok (Lair:2)
  An emperor scorpion (Spider:2)
  A ghost moth (Spider:2)
  Nessos (Lair:5)
  An entropy weaver (Spider:3)
  A rakshasa (D:14)
  4 hydras
  A radroach (Spider:2)
  Erica (Lair:2)
  An ogre mage (Orc:2)
  A catoblepas (Lair:5)
  Erolcha (D:10)
  4 boulder beetles
  4 centaur warriors
  2 jorogumos
  8 two-headed ogres
  A death scarab (Spider:3)
  3 demonic crawlers
  A deep troll shaman (Lair:5)
  8 death yaks
  A sun moth (Spider:1)
  7 skeletal warriors
  2 pharaoh ants
  A salamander mystic (D:15)
  6 orb spiders
  A bog body (Lair:3)
  A lindwurm (shapeshifter) (D:15)
  3 steelbarb worms (Spider:2)
  21 wolf spiders
  4 ugly things
  An oklob plant (Lair:1)
  6 cyclopes
  A deep elf pyromancer (D:15)
  3 salamanders (Volcano)
  A manticore (D:12)
  5 elephants
  3 black mambas (Lair:5)
  4 gargoyles
  9 cane toads
  5 molten gargoyles (Volcano)
  3 torpor snails (Spider:2)
  Psyche (D:8)
  2 rime drakes
  7 komodo dragons
  A kobold demonologist (D:10)
  An anaconda simulacrum (IceCv)
  6 ice devils (IceCv)
  2 queen bees
  A freezing wraith (D:14)
  8 meliai
  A meliai (shapeshifter) (D:14)
  5 polar bears
  5 trolls
  13 tarantellas
  8 blink frogs
  11 slime creatures
  18 jumping spiders
  20 yaks
  13 culicivoras
  3 centaur simulacra
  A dire elephant simulacrum (IceCv)
  2 wraiths
  A basilisk (shapeshifter) (Spider:2)
  Grum (D:8)
  A vampire (D:12)
  3 wyverns
  4 basilisks
  4 death yak simulacra (IceCv)
  34 redbacks
  13 vampire mosquitoes
  A warg (Orc:2)
  A harpy simulacrum (IceCv)
  Menkaure (D:5)
  An acid dragon (D:12)
  9 water moccasins
  An ice beast (D:15)
  A sky beast (D:7)
  13 orc warriors
  2 black bears
  2 boggarts (D:15)
  16 wolves
  18 ogres
  2 centaurs
  A phantom (D:3)
  2 kobold brigands (D:10)
  9 bullfrogs
  A gnoll sergeant (D:10)
  A scorpion (D:5)
  3 cane toad simulacra (IceCv)
  4 wights (D:9)
  A hornet simulacrum (D:15)
  41 killer bees
  2 elephant simulacra (IceCv)
  9 howler monkeys
  3 electric eels (Lair:3)
  9 hounds
  2 jellies
  5 orc priests
  A gnoll bouda (D:5)
  An iron imp (D:4)
  An iguana (D:4)
  2 sleepcaps
  Ijyb (D:4)
  Natasha (thrice) (D:3)
  12 orc wizards
  3 wolf simulacra (IceCv)
  Robin (D:3)
  18 gnolls
  6 adders
  A naga simulacrum (IceCv)
  A river rat (Lair:3)
  5 white imps
  2 ufetubi
  2 worms
  2 dart slugs
  46 orcs
  15 bats
  6 endoplasms
  3 giant cockroaches
  19 goblins
  6 hobgoblins
  10 jackals
  14 kobolds
  3 quokkas
  5 ball pythons
  3 frilled lizards
  7 rats
  A spectral kobold (D:1)
686 creatures vanquished.

Vanquished Creatures (collateral kills)
  A ghost moth (Spider:1)
  A very ugly thing (D:15)
  A dire elephant (D:15)
  A broodmother (Spider:1)
  A hydra (Lair:5)
  6 boulder beetles
  3 ogre magi (Orc:2)
  2 radroaches
  A death yak (Lair:5)
  An ironbound frostheart (D:14)
  9 two-headed ogres
  2 demonic crawlers
  Urug (Lair:2)
  2 pharaoh ants
  A skeletal warrior (D:13)
  An orb spider (Spider:2)
  2 orc knights
  An arcanist (Volcano)
  A lindwurm (Lair:3)
  2 steelbarb worms
  5 deep elf pyromancers
  2 wolf spiders
  A necromancer (IceCv)
  2 ugly things
  4 cyclopes
  A manticore (D:14)
  Joseph (D:8)
  A moth of wrath (Spider:2)
  4 elephants
  An ice statue (IceCv)
  A molten gargoyle (Volcano)
  A torpor snail (Spider:3)
  6 cane toads
  A gargoyle (Volcano)
  4 freezing wraiths (IceCv)
  A tengu conjurer (D:15)
  6 ice devils
  2 komodo dragons
  An anaconda simulacrum (IceCv)
  4 meliai
  A troll (D:12)
  2 tarantellas
  12 blink frogs
  5 dream sheep (Lair:3)
  6 jumping spiders
  8 slime creatures
  A shadow (D:11)
  A centaur simulacrum (D:15)
  4 wyverns
  A culicivora (Spider:2)
  18 yaks
  2 dire elephant simulacra (IceCv)
  3 basilisks
  18 redbacks
  2 humans (D:14)
  4 vampire mosquitoes
  A steam dragon (D:7)
  A death yak simulacrum (IceCv)
  An acid dragon (D:11)
  2 harpy simulacra (IceCv)
  4 water moccasins
  A meliai simulacrum (D:15)
  12 orc warriors
  4 ice beasts (D:15)
  14 ogres
  9 wolves
  A boggart (D:15)
  A centaur (D:15)
  A kobold brigand (D:10)
  A scorpion (D:7)
  3 bullfrogs
  A cane toad simulacrum (IceCv)
  28 killer bees
  4 elephant simulacra (IceCv)
  2 electric eels (Lair:2)
  5 howler monkeys
  A jelly (D:7)
  3 orc priests
  A hell rat (Lair:3)
  2 polar bear simulacra (IceCv)
  11 orc wizards
  A spriggan simulacrum (IceCv)
  2 gnolls (Orc:1)
  3 white imps (D:15)
  2 ufetubi (IceCv)
  25 orcs
  An endoplasm (D:6)
  3 goblins (D:8)
  A kobold (D:10)
  6 boulders
335 creatures vanquished.

Vanquished Creatures (others)
  30 battlemagi
  8 boulders
38 creatures vanquished.

Grand Total: 1059 creatures vanquished

Notes
Turn   | Place    | Note
-------+----------+-------------------------------------------
     0 | D:1      | 2FriedEggs the Octopode Earth Elementalist began the quest
                  | for the Orb.
     0 | D:1      | Reached XP level 1. HP: 11/11 MP: 3/3
   168 | D:1      | Reached XP level 2. HP: 17/17 MP: 1/5
   347 | D:1      | Found a faded altar of an unknown god.
   670 | D:1      | Reached XP level 3. HP: 21/21 MP: 5/7
  1461 | D:2      | Reached XP level 4. HP: 26/27 MP: 6/10
  1511 | D:2      | HP: 1/27 [endoplasm (2)]
  1719 | D:2      | Learned a level 3 spell: Stone Arrow
  1724 | D:2      | Learned a level 4 spell: Brom's Barrelling Boulder
  2024 | D:3      | Reached XP level 5. HP: 31/31 MP: 8/12
  2199 | D:3      | Noticed Pargi
  2658 | D:3      | Reached skill level 5 in Spellcasting
  2862 | D:3      | Noticed Natasha
  2867 | D:3      | Killed Natasha
  2903 | D:3      | Found a stormy altar of Qazlal.
  2963 | D:3      | Noticed Natasha
  2966 | D:3      | Killed Natasha
  3025 | D:4      | Noticed a phantom
  3035 | D:3      | Reached XP level 6. HP: 11/36 MP: 8/14
  3102 | D:3      | Noticed Natasha
  3107 | D:3      | Killed Natasha
  3156 | D:3      | Noticed Robin
  3161 | D:3      | Killed Robin
  3320 | D:4      | Found a glowing drain.
  3334 | Sewer    | Entered a sewer
  3411 | Sewer    | Noticed a water moccasin
  3426 | Sewer    | Killed a water moccasin
  3427 | Sewer    | Reached skill level 1 in Conjurations
  3427 | Sewer    | Reached XP level 7. HP: 41/41 MP: 12/16
  3614 | D:4      | Found a staircase to the Ecumenical Temple.
  3621 | D:4      | Noticed Ijyb
  3632 | Temple   | Entered the Ecumenical Temple
  3695 | Temple   | Became a worshipper of Hepliaklqana the Forgotten
  3722 | D:4      | Killed Ijyb
  3891 | D:4      | Learned a level 4 spell: Olgreb's Toxic Radiance
  4021 | D:4      | Found a snail-covered altar of Cheibriados.
  4454 | D:5      | Entered Level 5 of the Dungeon
  4711 | D:5      | Found a basalt altar of Yredelemnul.
  4865 | D:5      | Reached XP level 8. HP: 46/46 MP: 3/17
  4867 | D:5      | Reached skill level 5 in Earth Magic
  5343 | D:5      | Reached * piety under Hepliaklqana
  5549 | D:5      | Found Jeashutsuf's Antique Weapon Shoppe.
  5658 | D:5      | Noticed Menkaure
  5662 | D:5      | Killed Menkaure
  5865 | D:6      | Reached skill level 5 in Conjurations
  6196 | D:6      | Found a sparkling altar of Nemelex Xobeh.
  6471 | D:7      | Reached XP level 9. HP: 45/45 MP: 11/18
  6744 | D:7      | Reached ** piety under Hepliaklqana
  6745 | D:7      | Remembered your ancestor Octomom as a battlemage
  7509 | D:8      | Found a flagged portal.
  7552 | Bailey   | Entered a bailey
  7576 | Bailey   | Reached skill level 1 in Poison Magic
  8030 | Bailey   | Reached skill level 5 in Poison Magic
  8206 | Bailey   | Noticed an orc knight
  8217 | Bailey   | Reached XP level 10. HP: 45/50 MP: 7/19
  8225 | Bailey   | Killed an orc knight
  8402 | D:8      | Noticed an elephant
  8403 | D:8      | Found a staircase to the Lair.
  8409 | D:8      | Reached skill level 1 in Fighting
  8410 | D:8      | Killed an elephant
  8579 | D:8      | Noticed Joseph
  8585 | D:8      | Killed Joseph
  8961 | D:8      | Found Poiff's Magic Scroll Shop.
  8964 | D:8      | Bought a scroll of blinking for 112 gold pieces
  8964 | D:8      | Bought a scroll of identify for 30 gold pieces
  8996 | D:8      | Noticed Psyche
  9000 | D:8      | Killed Psyche
  9001 | D:8      | Reached skill level 5 in Dodging
  9084 | D:8      | Noticed Grum
  9093 | D:8      | Killed Grum
  9094 | D:8      | Reached skill level 5 in Fighting
  9433 | D:9      | Found an opulent altar of Gozag.
  9473 | D:9      | Reached *** piety under Hepliaklqana
  9653 | D:9      | Found a glowing golden altar of the Shining One.
  9728 | D:9      | Reached XP level 11. HP: 64/64 MP: 11/20
  9834 | D:9      | Found Hihaihaf's Assorted Antiques.
  9842 | D:9      | Bought 3 scrolls labelled AFUCLO YKYLI for 96 gold pieces
  9842 | D:9      | Bought a scroll labelled TISOZU XAOSK for 32 gold pieces
  9842 | D:9      | Bought a scroll of identify for 64 gold pieces
 10034 | D:9      | Found Fyfaeg's Antique Armour Shoppe.
 10130 | D:9      | Found Habbef's Armour Shop.
 10310 | D:9      | Found Hitreliu's Antique Armour Shoppe.
 10908 | D:10     | Entered Level 10 of the Dungeon
 11048 | D:10     | Reached **** piety under Hepliaklqana
 11083 | D:10     | Found a bloodstained altar of Trog.
 11209 | D:10     | Found an ancient bone altar of Kikubaaqudgha.
 11278 | D:10     | Found a shadowy altar of Dithmenos.
 11523 | D:10     | Noticed Erolcha
 11614 | D:9      | Bought a shiny buckler for 232 gold pieces
 11688 | Lair:1   | Entered Level 1 of the Lair of Beasts
 11720 | Lair:1   | Reached skill level 1 in Shields
 12384 | Lair:1   | Reached skill level 5 in Shields
 13169 | Lair:1   | Noticed an oklob plant
 13181 | Lair:1   | Killed an oklob plant
 13816 | Lair:2   | Noticed Urug
 13831 | Lair:2   | Reached XP level 12. HP: 72/72 MP: 11/21
 13837 | Lair:2   | Killed Urug
 14168 | Lair:2   | Noticed a six-headed hydra
 14186 | Lair:2   | Killed a six-headed hydra
 14334 | Lair:2   | Noticed Gastronok
 14350 | Lair:2   | Killed Gastronok
 14849 | Lair:2   | Noticed Erica
 14856 | Lair:2   | Killed Erica
 15037 | Lair:2   | Reached skill level 10 in Poison Magic
 15163 | Lair:2   | Learned a level 5 spell: Irradiate
 15213 | Lair:2   | Found a hole to the Spider Nest.
 15294 | Lair:2   | Noticed an eight-headed hydra
 15304 | Lair:2   | Killed an eight-headed hydra
 15426 | Lair:2   | Reached ***** piety under Hepliaklqana
 15919 | Lair:3   | Found a dark tunnel.
 15926 | Lair:3   | Reached skill level 10 in Dodging
 15959 | Volcano  | Entered a volcano
 16225 | Volcano  | Reached XP level 13. HP: 75/75 MP: 14/22
 16335 | Volcano  | Reached skill level 5 in Transmutations
 16441 | Volcano  | Noticed an orb of fire
 16539 | Volcano  | Noticed an orb of fire
 17253 | Lair:3   | Reached skill level 10 in Conjurations
 18287 | Lair:3   | Found a staircase to the Swamp.
 19003 | Lair:4   | Found an opulent altar of Gozag.
 19265 | Lair:4   | Reached XP level 14. HP: 82/82 MP: 9/25
 19687 | Lair:5   | Entered Level 5 of the Lair of Beasts
 19697 | Lair:5   | Learned a level 4 spell: Petrify
 20401 | Lair:5   | Noticed Nessos
 20409 | Lair:5   | Killed Nessos
 21640 | Lair:5   | Found a staircase to the Slime Pits.
 22171 | D:10     | Killed Erolcha
 22356 | D:11     | Found a staircase to the Orcish Mines.
 23028 | D:11     | Reached ****** piety under Hepliaklqana
 23923 | D:12     | Reached skill level 10 in Spellcasting
 24320 | D:12     | Reached XP level 15. HP: 90/90 MP: 29/29
 26500 | D:14     | Found a gate to the Vaults.
 27360 | D:14     | Reached skill level 10 in Fighting
 27932 | D:15     | Entered Level 15 of the Dungeon
 28009 | D:15     | Reached skill level 1 in Invocations
 28598 | D:15     | Found a stormy altar of Qazlal.
 28686 | D:15     | Found a staircase to the Depths.
 28704 | D:15     | Reached skill level 5 in Invocations
 29284 | D:15     | Reached XP level 16. HP: 98/98 MP: 25/31
 29704 | IceCv    | Identified the "Caleemakk"
 29704 | Orc:1    | Entered Level 1 of the Orcish Mines
 29734 | Orc:1    | Found a frozen archway.
 29767 | IceCv    | Entered an ice cave
 30012 | IceCv    | Found an ancient bone altar of Kikubaaqudgha.
 30931 | Orc:2    | Entered Level 2 of the Orcish Mines
 30957 | Orc:2    | Found Odasayru's Antique Armour Emporium.
 30965 | Orc:2    | Found a staircase to the Elven Halls.
 31235 | Orc:2    | Found Urifanul's Book Emporium.
 31235 | Orc:2    | Found Ommek's Armour Boutique.
 31236 | Orc:2    | Found Teplu's Antique Armour Boutique.
 31236 | Orc:2    | Found Ariust's Jewellery Shoppe.
 31255 | Orc:2    | Bought the ring of Xeeck {Contam rF+ AC+4 Str+2 Dex+2} for
                  | 739 gold pieces
 31346 | Orc:2    | Bought a shiny buckler for 210 gold pieces
 32639 | Spider:1 | Entered Level 1 of the Spider Nest
 34060 | Spider:1 | Reached XP level 17. HP: 103/103 MP: 35/35
 34718 | Orc:2    | Bought the Notes on Frigorific Bedrock for 672 gold pieces
 34725 | Orc:2    | Learned a level 6 spell: Bombard
 35030 | Spider:2 | Reached skill level 15 in Dodging
 35897 | Spider:2 | Reached skill level 15 in Spellcasting
 35937 | Spider:2 | Found the +7 great mace "Undeadhunter" {deathbane, rN+}
 37144 | Spider:3 | Noticed Jorgrun
 37153 | Spider:3 | Killed Jorgrun
 38013 | Spider:3 | Noticed Bai Suzhen
 38121 | Spider:2 | Killed from afar by Bai Suzhen

Illustrated notes

Levels and vault maps discovered:
D:1:      minmay_arrival_four_houses, layout_basic,
          dreamdust_ecumenical_altar_drowned_temple
D:2:      layout_basic, st_stairs_2, kennysheep_donut
D:3:      layout_basic, nicolae_qazlal_eye_of_the_storm, uniq_pargi,
          uniq_natasha, uniq_robin
D:4:      layout_rooms, slow_altar_2, minmay_temple_entry_mini_moons,
          serial_corexii_hall, corexii_hall_statues_t,
          chequers_hall_statues_wall_a, portal_sewer_entry_a,
          grunt_ministairs_14, st_stairs_7, uniq_ijyb
D:5:      layout_basic, mainiacjoe_overflow_tiny_flanked, serial_shops, shop,
          uniq_menkaure
D:6:      layout_rooms, nemelex_dance_club_becter
D:7:      layout_loops_corners
D:8:      layout_basic, david_lair_generic, lightli_bailey_entry_fortress,
          serial_shops, nicolae_shop_rolled_up, uniq_grum, uniq_joseph,
          uniq_psyche
D:9:      layout_layer_cave, mainiacjoe_overflow_small_starburst,
          nicolae_tso_carved_into_rock, serial_shops,
          nicolae_shop_tiny_real_fake_doors, shop, shop_fountains, shop
D:10:     layout_roguey, lemuel_doored_altar, old_standard_altar,
          mainiacjoe_overflow_brackets, nicolae_elevator_lobby_asterisk,
          uniq_erolcha
D:11:     layout_loops_ring, minmay_orc_entry_temple_small,
          serial_co_window_serial, co_window_paths_a, co_window_cross_1,
          co_window_corner_a, co_window_of_opportunity_a, co_window_paths_a,
          co_window_of_opportunity_a, co_window_paths_b, co_window_paths_b,
          co_window_paths_b, co_window_broadway_c, co_window_broadway_c,
          co_window_unsneaky_path_c, co_window_paths_d, glass_columns_c,
          glass_columns_c, glass_columns_a, glass_columns_a
D:12:     layout_basic, amcnicky_mini_pool_small, minmay_puff
D:13:     layout_loops_cross, special_room [special_room_bee]
D:14:     layout_basic, hellmonk_vaults_keyhole, moated_statue
D:15:     hangedman_depths_entry_try_elsewhere_first, layout_irregular_city,
          old_standard_altar, serial_ice, serial_ice_k, serial_ice_h,
          serial_ice_m, serial_ice_d, serial_ice_n, serial_ice_f, serial_ice_c,
          serial_ice_g, serial_ice_a, serial_ice_b
Temple:   hellmonk_temple_forest_ring
Lair:1:   layout_layer_cave, minmay_lair_oklob_items
Lair:2:   layout_cave_pods, nicolae_spider_entry_orb_guardian,
          serial_bayou_shore_b, serial_bayou_shore_b, serial_bayou_shore_a,
          infiniplex_staircase_pool, uniq_erica, uniq_urug, uniq_gastronok
Lair:3:   hangedman_what_comes_after_a, layout_regular_city,
          nicolae_swamp_entry_splash_gauntlet, nicolae_volcano_entry_vermiform
Lair:4:   layout_cave_pods, basic_altar
Lair:5:   grunt_lair_end_beastmaster, layout_big_grid,
          minmay_slime_entry_oklob_open, grunt_megastairs_2, uniq_nessos
Spider:1: layout_cave_pods
Spider:2: layout_spider_delve, drop_trap, hellmonk_deceptive_appearances
Spider:3: layout_cave_pods, drop_trap, nicolae_arachne_temple, uniq_arachne,
          uniq_bai_suzhen, uniq_jorgrun, uniq_nikola
Orc:1:    layout_caves, portal_ice_cave_demonic_guard, lightli_church_of_beogh
Orc:2:    st_orc_ogre_mass, layout_caves, basic_altar, serial_shops, shop,
          mines_bat_river

Skill      XL: |  1  2  3  4  5  6  7  8  9 10 11 12 13 14 15 16 17 |
---------------+----------------------------------------------------+-----
Spellcasting   | 3 4 5 6 7 10 11 14 16 | 16.2
Conjurations   | 1 3 6 7 8 10 | 10.9
Earth Magic    | 4 7 |  7.9
Poison Magic   | 7 8 10 | 10.0
Fighting       | 5 6 7 8 10 | 10.1
Dodging        | 5 8 10 11 12 13 14 16 | 16.0
Shields        | 6 8 9 |  9.2
Transmutations | 4 5 |  5.0
Invocations    | 6 7 |  7.0
Stealth        | |  2.6

Action                     |  1- 3 |  4- 6 |  7- 9 | 10-12 | 13-15 | 16-18 || total
---------------------------+-------+-------+-------+-------+-------+-------++-------
  Melee: Unarmed           |     3 |    35 |     3 |       |       |       ||    41
         Constrict         |     1 |     7 |     4 |     6 |    19 |    10 ||    47
         Tentacles         |     1 |     9 |     2 |     7 |    18 |     9 ||    46
         Staff             |       |       |    11 |    16 |    47 |    22 ||    96
         Punch             |       |       |       |       |     1 |       ||     1
   Cast: Sandblast         |    50 |    83 |    66 |     1 |       |    51 ||   251
         Stone Arrow       |       |       |    74 |   108 |   279 |   153 ||   614
         Olgreb's Toxic Ra |       |       |     3 |    45 |   152 |   127 ||   327
         Brom's Barrelling |       |       |       |     9 |     9 |       ||    18
         Irradiate         |       |       |       |       |     7 |     9 ||    16
         Bombard           |       |       |       |       |       |    41 ||    41
 Invoke: Ancestor Identity |       |       |     1 |       |       |       ||     1
         Ancestor Life: Ba |       |       |     1 |       |       |       ||     1
         Recall Ancestor   |       |       |       |     2 |     3 |     3 ||     8
         Idealise          |       |       |       |       |     1 |       ||     1
    Use: Potion            |       |     4 |       |     2 |     2 |     1 ||     9
         Scroll            |       |     5 |     7 |     8 |     5 |     6 ||    31
   Stab: Sleeping          |       |     1 |     1 |       |     1 |       ||     3
         Distracted        |       |       |       |     1 |     3 |       ||     4
 Armour: Skin              |     8 |    69 |    45 |    19 |    46 |    75 ||   262
  Dodge: Dodged            |    24 |    57 |    57 |    30 |   139 |   187 ||   494
  Block: Other             |       |    14 |    24 |     3 |       |       ||    41
         Reflection        |       |       |     5 |     2 |    18 |     9 ||    34
         Buckler           |       |       |       |    19 |   134 |   203 ||   356

Table legend: (Time is in decaauts)
 A = Elapsed time spent in this place.
 B = Non-inter-level travel time spent in this place.
 C = Inter-level travel time spent in this place.
 D = Time resting spent in this place.
 E = Time spent auto-exploring this place.
 F = Levels seen in this place.
 G = Mean time per level.
                   A        B        C        D        E       F      G
               +--------+--------+--------+--------+--------+-----+--------+
         Total |  38294 |  36468 |   1826 |   7995 |  22163 |  30 | 1276.5 |
       Dungeon |  18829 |  17862 |    967 |   2538 |  12802 |  15 | 1255.3 |
        Temple |     83 |     50 |     33 |     40 |      0 |   1 |   83.0 |
          Lair |   9652 |   9148 |    504 |   2003 |   5690 |   5 | 1930.4 |
   Spider Nest |   5114 |   4963 |    151 |   2167 |   2016 |   3 | 1704.7 |
  Orcish Mines |   1807 |   1638 |    169 |    133 |   1072 |   2 |  903.5 |
         Sewer |    146 |    146 |      0 |      2 |     53 |   1 |  146.0 |
        Bailey |    805 |    805 |      0 |    484 |     83 |   1 |  805.0 |
      Ice Cave |   1115 |   1115 |      0 |    276 |    439 |   1 | 1115.0 |
       Volcano |    739 |    739 |      0 |    352 |      8 |   1 |  739.0 |
               +--------+--------+--------+--------+--------+-----+--------+

Top non-repeatable levels by time:
Spider:2: 2870 daAuts
  Lair:1: 2464 daAuts
  Lair:5: 2000 daAuts
  Lair:2: 1990 daAuts
Spider:1: 1905 daAuts
  Lair:3: 1844 daAuts
    D:14: 1753 daAuts
    D:15: 1610 daAuts
     D:9: 1596 daAuts
    D:13: 1418 daAuts
    D:11: 1411 daAuts
     D:5: 1385 daAuts
  Lair:4: 1352 daAuts
    D:12: 1329 daAuts
     D:3: 1276 daAuts
